 Dungeon Crawl Stone Soup version 0.28-a0-80-g9707f7362f (webtiles) character file.

Game seed: 5347005606486596539

623 magicbymccauley the Covered (level 7, 0/61 HPs)
             Began as a Minotaur Berserker on Aug 5, 2021.
             Was a Priest of Trog.
             Slain by an ogre (9 damage)
             ... on level 4 of the Dungeon.
             The game lasted 00:22:15 (7443 turns).

magicbymccauley the Covered (Minotaur Berserker)    Turns: 7443, Time: 00:22:16

Health: 0/61       AC: 11    Str: 22    XL:     7   Next: 22%
Magic:  6/6        EV:  8    Int:  4    God:    Trog [***...]
Gold:   248        SH:  3    Dex: 11    Spells: 6/6 levels left

rFire   . . .      SeeInvis .   r - +0 rapier
rCold   . . .      Faith    .   i - +0 buckler
rNeg    . . .      Spirit   .   u - +0 chain mail
rPois   .          Reflect  .   (helmet restricted)
rElec   .          Harm     .   (no cloak)
rCorr   .          Rampage  .   h - +0 pair of gloves
Will    .....                   (no boots)
Stlth   ..........              (no amulet)
HPRegen 0.20/turn               (no ring)
MPRegen 0.10/turn               (no ring)

@: no status effects
A: horns 2, retaliatory headbutt
a: Renounce Religion, Berserk, Trog's Hand


You were on level 4 of the Dungeon.
You worshipped Trog.
Trog was most pleased with you.
You visited 1 branch of the dungeon, and saw 5 of its levels.

You collected 248 gold pieces.

Inventory:

Hand Weapons
 a - a +0 falchion
 r - a +0 rapier (weapon)
 w - a +0 shortbow
 y - a +1 vampiric halberd
 A - a +1 dagger of venom
Missiles
 b - 5 datura-tipped darts
 q - 51 arrows
 x - 3 boomerangs
Armour
 h - a +0 pair of gloves (worn)
 i - a +0 buckler (worn)
 u - a +0 chain mail (worn)
Jewellery
 g - a ring of wizardry
Wands
 m - a wand of mindburst (17)
Scrolls
 c - 4 scrolls of teleportation {unknown}
 e - 2 scrolls of noise {unknown}
 j - 2 scrolls of identify {unknown}
 k - a scroll of amnesia {unknown}
 l - a scroll of enchant armour {unknown}
 n - a scroll of immolation {unknown}
 v - a scroll of blinking {unknown}
 C - a scroll of fear {unknown}
Potions
 d - 2 potions of lignification {unknown}
 f - 2 potions of curing
 o - a potion of might {unknown}
 p - 2 potions of attraction {unknown}
 s - a potion of heal wounds {unknown}
 t - a potion of mutation {unknown}
 z - a potion of brilliance {unknown}
 B - a potion of haste {unknown}


   Skills:
 + Level 5.1 Fighting
 + Level 2.3(4.1) Short Blades
 + Level 5.7(6.0) Long Blades
 + Level 5.8 Armour
 + Level 3.6 Dodging
 + Level 1.4 Stealth
 + Level 0.6 Shields


You had 6 spell levels left.
You didn't know any spells.
Your spell library was empty.

Dungeon Overview and Level Annotations

Branches:
Dungeon (5/15)
 Temple: D:4-7

Altars:


Innate Abilities, Weirdness & Mutations

You have a pair of horns on your head.
You reflexively headbutt those who attack you in melee.


Message History

C - a scroll labelled FAWUENOSME
Found 9 gold pieces.
An ogre comes into view. It is wielding a +0 giant club.
The ogre shouts!
You see here 9 gold pieces.
You see here 9 gold pieces.
You see here 9 gold pieces.
You barely miss the ogre. The ogre barely misses you.
Your chain mail prevents you from hitting the ogre.
The ogre hits you with a +0 giant club!
You hit the ogre.
The ogre is lightly wounded.
The ogre hits you with a +0 giant club.
You puncture the ogre! You headbutt the ogre.
The ogre is severely wounded.
The ogre hits you with a +0 giant club!!
* * * LOW HITPOINT WARNING * * *
Things that are here:
a +0 robe; a +0 dagger
Things that are here:
a +0 ring mail; a +0 falchion; a +0 dagger You see here a +0 spear.
Things that are here:
a +0 leather armour; a +0 whip
There is an open door here.
You block the ogre's attack.
Things that are here:
a +0 spear; a gnoll corpse The ogre hits you with a +0 giant club!
* * * LOW HITPOINT WARNING * * *
Things that are here:
a +0 flail; a +0 club; a gnoll skeleton You see here a +0 short sword.
There is a stone staircase leading up here.
The ogre hits you with a +0 giant club!
* * * LOW HITPOINT WARNING * * *
You climb upwards.
There is a stone staircase leading down here.
You feel better. The ogre hits you with a +0 giant club!
You die...

...#...........# #....#.[...'..
##.####...####.# #....#########
##.####################.......#
.............#........#.......#
.............#........#.......#
.............#........#.......#
.#.#..#..##.#..#.####'#.......#
################.###..#....####
# #.@O....#....# # ###
#.......#....# # #.#####
##..##..#....# ####.....##
##..##..#....# #..#......#
#...'...#....# #...(.....#
#...#)..#....# '.........#
#...#...#....# #.........#
#...#...#....# ###########
#########....#


You could see an ogre.

Vanquished Creatures
  A sky beast (D:4)
  A scorpion (D:5)
  A water moccasin skeleton (D:4)
  The ghost of Harkinian2 the Firebug, a weakling HuFE (D:3)
  A bullfrog skeleton (D:4)
  A gnoll shaman (D:5)
  3 orc wizards (D:5)
  A howler monkey zombie (D:3)
  4 gnolls (D:5)
  A howler monkey skeleton (D:4)
  5 river rats
  2 adders (D:3)
  An ufetubus (D:4)
  9 worms
  2 dart slugs (D:1)
  11 orcs
  6 ball pythons
  4 endoplasms
  2 giant cockroaches
  7 goblins
  4 hobgoblins
  7 jackals
  2 quokkas
  4 bats
  3 frilled lizards
  14 kobolds
  7 rats
105 creatures vanquished.

Vanquished Creatures (others)
  A plant (D:2)
1 creature vanquished.

Grand Total: 106 creatures vanquished

Notes
Turn   | Place    | Note
-------+----------+-------------------------------------------
     0 | D:1      | magicbymccauley the Minotaur Berserker began the quest for
                  | the Orb.
     0 | D:1      | Reached XP level 1. HP: 19/19 MP: 0/0
   243 | D:1      | Found a faded altar of an unknown god.
   380 | D:1      | Reached XP level 2. HP: 22/27 MP: 1/1
  1042 | D:1      | Reached XP level 3. HP: 33/33 MP: 2/2
  1711 | D:2      | Reached ** piety under Trog
  2753 | D:3      | Reached XP level 4. HP: 36/40 MP: 3/3
  3433 | D:3      | Found a runed translucent door.
  3435 | D:3      | Noticed Harkinian2's ghost (weakling HuFE)
  3442 | D:3      | Killed Harkinian2's ghost
  3443 | D:3      | Reached skill level 5 in Long Blades
  3679 | D:3      | Reached XP level 5. HP: 43/47 MP: 4/4
  4334 | D:4      | Reached *** piety under Trog
  4356 | D:4      | HP: 2/47 [river rat (4)]
  4591 | D:3      | Reached XP level 6. HP: 29/53 MP: 5/5
  5370 | D:4      | Reached skill level 5 in Armour
  6107 | D:5      | Entered Level 5 of the Dungeon
  6167 | D:5      | Noticed a sky beast
  6221 | D:4      | Killed a sky beast
  6222 | D:4      | Reached skill level 1 in Short Blades
  6222 | D:4      | Reached skill level 1 in Stealth
  6547 | D:5      | Reached skill level 5 in Fighting
  6572 | D:5      | Reached XP level 7. HP: 58/61 MP: 6/6
  7441 | D:5      | HP: 1/61 [ogre (17)]
  7443 | D:4      | Slain by an ogre

Illustrated notes

Levels and vault maps discovered:
D:1:      elethiomel_arrival_quiet, layout_basic,
          hellmonk_ecumenical_altar_arch_garden
D:2:      layout_basic, corexii_shack
D:3:      layout_loops_ring, ebering_ghost_reflecting_pool
D:4:      layout_gridville, lightli_sewer_entry_pipes, minivault_24,
          minmay_circle_x
D:5:      layout_basic, minmay_temple_entry_from_below_a,
          kennysheep_cross_bottleneck, minmay_manual_moon, uniq_menkaure,
          uniq_duvessa

Skill      XL: |  1  2  3  4  5  6  7 |
---------------+----------------------+-----
Fighting       | 4 5 |  5.1
Long Blades    | 4 5 |  5.7
Armour         | 3 4 5 |  5.8
Dodging        | 3 |  3.6
Short Blades   | 1 2 |  2.3
Stealth        | 1 |  1.4
Shields        | |  0.6

Action                   |  1- 3 |  4- 6 |  7- 9 || total
-------------------------+-------+-------+-------++-------
Melee: Falchion          |   117 |    96 |       ||   213
       Headbutt          |    20 |    37 |     9 ||    66
       Rapier            |       |    49 |    44 ||    93
Invok: Berserk           |     1 |     1 |       ||     2
       Trog's Hand       |       |     1 |       ||     1
Evoke: Wand              |       |     3 |       ||     3
  Use: Potion            |       |     2 |     1 ||     3
Armor: Animal skin       |     7 |       |       ||     7
       Ring mail         |    14 |       |       ||    14
       Scale mail        |    25 |    29 |       ||    54
       Chain mail        |       |    31 |    22 ||    53
Dodge: Dodged            |    59 |    74 |    12 ||   145
Block: Buckler           |     2 |    10 |    10 ||    22
       Rpst.: Falchion   |    19 |    13 |       ||    32

Table legend: (Time is in decaauts)
 A = Elapsed time spent in this place.
 B = Non-inter-level travel time spent in this place.
 C = Inter-level travel time spent in this place.
 D = Time resting spent in this place.
 E = Time spent auto-exploring this place.
 F = Levels seen in this place.
 G = Mean time per level.
                   A        B        C        D        E       F      G
               +--------+--------+--------+--------+--------+-----+--------+
         Total |   7563 |   7563 |      0 |   2727 |    744 |   5 | 1512.6 |
       Dungeon |   7563 |   7563 |      0 |   2727 |    744 |   5 | 1512.6 |
               +--------+--------+--------+--------+--------+-----+--------+

Top non-repeatable levels by time:
     D:4: 2610 daAuts
     D:3: 2099 daAuts
     D:1: 1388 daAuts
     D:2: 909 daAuts
     D:5: 554 daAuts
